Map: Ascension to Aiur LE

Players

MrBungle - Winner!

  • Race: Terran Terran
  • Spawn Location: 5:00

Juxtapose

  • Race: Terran Terran
  • League: Gold
  • Spawn Location: 11:00

VOD

https://youtu.be/yfBx79TvZOI

Description

Once again, my poor Terran vs Terran play continues; I simply don't understand the match up properly.

I believe this is also my first public Multiplayer match ever in which I Surrender without giving a "GG." I wasn't angry with MrBungle at all, nor was this a "rage quit," I simply and instantly in that moment realized I didn't want to play this match up at all and simply wanted to move on, and so I did.

Time

  • Played on: Nov. 8, 2017, 7:07 p.m.
  • Length: 13:23
Show
View Real Time Build Order
Export as new Build Order

MrBungle Terran - Winner!

Build Orders: Bio Tank 

Get SALT Encoding   

  12  0:01  SCV  
  13  0:13  SCV  
  14  0:17  Supply Depot  
  14  0:25  SCV  
  15  0:30  Refinery  
  15  0:39  SCV  
  16  0:47  Barracks  
  16  0:51  SCV  
  17  1:03  SCV  
  18  1:15  SCV  
  19  1:27  SCV  
  20  1:36  Barracks Reactor  
  20  1:43  Command Center  
  20  1:54  Orbital Command  
  20  2:03  Supply Depot  
  22  2:25  Refinery  
  19  2:30  Marine x2  
  19  2:34  Supply Depot  
  21  2:39  Factory  
  21  2:41  SCV  
  22  2:53  Barracks  
  22  2:54  SCV  
  22  2:57  Marine  
  24  3:08  SCV, Factory  
  24  3:12  SCV  
  26  3:16  Marine  
  27  3:20  Marine  
  27  3:22  SCV  
  27  3:24  Factory Tech Lab  
  29  3:31  Orbital Command  
  29  3:38  SCV  
  30  3:42  Siege Tank  
  30  3:43  Barracks Tech Lab  
  30  3:46  Marine  
  34  3:50  SCV, Marine  
  34  3:52  Factory Tech Lab  
  36  4:00  SCV  
  37  4:11  Combat Shields  
  37  4:19  Engineering Bay  
  37  4:21  SCV x2, Marine  
  37  4:22  Marine x2  
  42  4:27  Siege Tank  
  45  4:32  Refinery  
  45  4:34  Refinery, SCV  
  45  4:35  SCV  
  47  4:46  Supply Depot  
  47  4:54  SCV x2  
  47  4:58  Siege Tank  
  47  4:59  Marine x2  
  53  5:04  Supply Depot  
  54  5:08  Marine, SCV x2  
  57  5:18  Siege Tank  
  57  5:19  Marine x2  
  62  5:23  Supply Depot  
  62  5:26  SCV x2  
  64  5:32  Starport  
  64  5:41  SCV x2  
  66  5:44  Missile Turret  
  66  5:50  Marine x3, Barracks  
  66  5:55  Supply Depot  
  69  5:59  SCV x2, Missile Turret  
  71  6:07  Missile Turret  
  71  6:09  Missile Turret  
  71  6:15  Command Center  
  71  6:18  SCV x2  
  73  6:24  Stimpack  
  73  6:27  Starport Reactor  
  73  6:32  SCV x2  
  75  6:34  Marine x2, Missile Turret  
  75  6:35  Marine  
  78  6:48  SCV  
  78  6:49  SCV  
  78  6:52  Supply Depot, Barracks Reactor  
  78  6:53  Marine x2  
  78  6:54  Marine  
  83  6:55  Siege Tank  
  83  6:58  Supply Depot  
  86  7:14  SCV x2, Viking, Missile Turret  
  90  7:16  Marine  
  90  7:17  Marine x2  
  90  7:21  Siege Tank  
  96  7:24  Supply Depot  
  96  7:26  SCV x2, Medivac  
  100  7:43  SCV x2  
  100  7:44  Viking  
  104  7:48  Marine x4  
  104  7:49  Marine  
  109  7:55  SCV, Missile Turret  
  109  7:57  Refinery  
  110  7:58  Refinery  
  110  8:03  Planetary Fortress  
  110  8:13  Siege Tank  
  110  8:14  Marine, Siege Tank  
  110  8:15  Marine x4  
  121  8:27  Supply Depot  
  121  8:28  Supply Depot  
  121  8:29  Armory  
  121  8:32  Marine x3  
  124  8:34  Engineering Bay  
  124  8:43  SCV  
  125  8:49  SCV x2, Viking  
  125  8:55  SCV  
  130  9:08  Supply Depot  
  130  9:09  Supply Depot  
  130  9:11  Terran Infantry Weapons Level 1, Terran Infantry Armor Level 1  
  130  9:14  Viking  
  130  9:15  Siege Tank x2  
  138  9:17  Marine  
  138  9:18  Supply Depot  
  138  9:19  Viking  
  138  9:20  Supply Depot  
  141  9:30  Starport  
  141  9:31  Factory  
  141  9:36  Barracks  
  141  9:40  Barracks  
  141  9:43  Supply Depot  
  141  9:44  Supply Depot  
  141  9:47  Siege Tank  
  141  9:48  Terran Vehicle Weapons Level 1  
  144  9:56  SCV x3  
  144  9:57  Marine, Armory  
  144  9:58  Marine x4  
  152  10:02  Viking  
  154  10:08  SCV x3  
  157  10:14  Starport Tech Lab  
  157  10:15  Marine  
  157  10:18  Factory Tech Lab  
  158  10:34  Supply Depot  
  158  10:40  Viking x2  
  158  10:41  Raven  
  164  10:43  Corvid Reactor  
  164  10:46  Barracks Reactor x2  
  164  10:52  Terran Vehicle And Ship Armor Level 1  
  164  10:54  Command Center  
  164  11:18  Supply Depot  
  164  11:19  Marine x3  
  164  11:20  Marine x2  
  164  11:21  Siege Tank x2  
  164  11:22  Siege Tank  
  164  11:23  Viking x2  
  182  11:25  SCV  
  182  11:26  SCV x2  
  182  11:32  Command Center  
  185  11:37  Marine  
  182  11:59  Siege Tank x3  
  185  12:03  Marine x2, Command Center  
  185  12:04  Marine x6  
  193  12:11  Orbital Command  
  193  12:19  Missile Turret  
  193  12:23  Viking  
  193  12:28  Viking  
  193  12:29  Raven  
  199  12:30  Marine  
Show
View Real Time Build Order
Export as new Build Order

Juxtapose Terran 

Build Orders:  

Get SALT Encoding   

  12  0:01  SCV  
  13  0:13  SCV  
  14  0:25  SCV  
  14  0:27  Supply Depot  
  15  0:48  SCV  
  16  0:50  Barracks  
  16  0:52  Supply Depot  
  16  1:00  SCV  
  16  1:01  Refinery  
  17  1:12  SCV  
  18  1:25  SCV  
  19  1:26  Refinery  
  19  1:38  Orbital Command  
  19  1:41  Marine  
  20  2:04  Barracks Reactor  
  20  2:14  Command Center  
  20  2:15  SCV  
  21  2:27  SCV  
  22  2:39  SCV  
  22  2:41  Factory  
  23  2:44  Reaper  
  24  2:51  SCV  
  25  3:00  Engineering Bay  
  25  3:09  SCV  
  26  3:21  SCV  
  27  3:33  SCV, Starport  
  28  3:37  Missile Turret  
  28  3:38  Terran Infantry Weapons Level 1  
  28  3:39  Marine x2  
  30  3:42  Factory Reactor  
  30  3:44  Orbital Command  
  30  3:48  SCV  
  31  4:00  SCV  
  31  4:12  SCV x2  
  33  4:18  Starport Reactor  
  33  4:19  Marine x2  
  35  4:24  SCV  
  35  4:25  SCV  
  37  4:32  Missile Turret  
  37  4:34  Barracks  
  37  4:37  Marine x2  
  39  4:48  Supply Depot  
  39  4:52  Widow Mine x2  
  39  4:55  Marine x2  
  39  4:56  SCV  
  46  5:03  Refinery  
  46  5:05  Refinery  
  46  5:09  SCV x2, Medivac x2  
  46  5:13  Marine x2, Supply Depot  
  54  5:33  Barracks Tech Lab  
  54  5:34  SCV  
  55  5:37  Marine  
  55  5:38  Marine  
  55  5:39  Medivac x2  
  61  5:48  Terran Infantry Armor Level 1  
  61  5:56  Marine  
  62  6:05  Supply Depot  
  62  6:09  Liberator  
  62  6:11  Combat Shields  
  62  6:26  Marine x2  
  62  6:27  SCV, Supply Depot, Marauder  
  62  6:32  Liberator  
  70  6:49  Marine x2, Marauder, SCV  
  70  6:50  Supply Depot  
  78  7:11  Marine x2  
  78  7:12  SCV x2  
  82  7:17  Liberator x2  
  82  7:24  SCV x2  
  84  7:30  Stimpack  
  84  7:36  SCV x2  
  92  7:37  Supply Depot  
  92  7:39  Marine x2  
  94  7:58  SCV  
  94  7:59  Supply Depot  
  94  8:04  Marine x3  
  98  8:11  SCV  
  99  8:22  Marine x3  
  99  8:24  Liberator  
  102  8:36  Armory  
  102  8:37  Command Center  
  102  8:40  Marine x3  
  108  8:57  Supply Depot  
  108  9:01  Liberator  
  108  9:17  Marine x2  
  108  9:18  Marine  
  114  9:35  Marine x2  
  114  9:36  Marine  
  96  10:02  Planetary Fortress  
  96  10:17  Factory Tech Lab, Barracks  
  96  10:18  Viking x2  
  100  10:21  Marine x3  
  103  10:39  Marine, Missile Turret  
  103  10:42  Siege Tank  
  107  10:45  Terran Vehicle Weapons Level 1  
  107  10:47  Terran Infantry Weapons Level 2  
  107  10:48  Viking, Medivac  
  111  10:57  Concussive Shells  
  111  10:59  Marine x2, Marauder  
  111  11:01  Liberator  
  115  11:14  Siege Tank  
  115  11:17  Marine x2  
  115  11:18  Medivac  
  125  11:20  Marauder  
  127  11:27  Marine x2  
  129  11:34  Liberator  
  129  11:35  Marine x2  
  131  11:42  Marauder  
  133  11:52  Siege Tank  
  112  12:04  Marine x5  
  115  12:20  SCV  
  115  12:22  Marine x2  
  118  12:24  Command Center  
  118  12:25  Siege Tank  
  118  12:28  Marine x3  
  124  12:32  SCV  
  125  12:39  Marine  
  125  12:40  Marine  
  125  12:44  SCV  
Tags
 
Composition
Bio Tank
League
Gold
Matchup
TvT
Race
Terran
Spawn Locations
Cross Positions
Add a new tag
Caveats
  • Supply blocks, unpowered buildings, or Contaminate may cause inaccurate times.
  • Supply counts are checked every 10 seconds.